 Dungeon Sprint DCSS version 0.23.2 (webtiles) character file.

Game seed: 11417079935095887538

60 MartialLaw the Skirmisher (level 4, -11/31 HPs)
             Began as a Gargoyle Fighter on Mar 31, 2019.
             Splashed by an oklob sapling's acid (12 damage)
             ... in the Dungeon (Sprint IV: "Fedhas' Mad Dash").
             The game lasted 00:00:38 (463 turns).

MartialLaw the Skirmisher (Gargoyle Fighter)         Turns: 463, Time: 00:00:40

Health: -11/31     AC: 11    Str: 21    XL:     4   Next: 6%
Magic:  4/4        EV:  7    Int:  8    God:
Gold:   29         SH: 10    Dex:  9    Spells: 3/3 levels left

rFire    . . .     SeeInvis .   a - +0 flail
rCold    . . .     Gourm    .   c - +0 shield
rNeg     + . .     Faith    .   b - +0 scale mail
rPois    ∞         Spirit   .   (no helmet)
rElec    +         Reflect  .   (no cloak)
rCorr    .         Harm     .   (no gloves)
MR       .....     NoTele   +   (no boots)
Stlth    ..........             m - amulet of invisibility {+Inv}
HPRegen  0.10/turn              (no ring)
MPRegen  0.09/turn              (no ring)

@: no status effects
A: negative energy resistance 1, electricity resistance, unbreathing,
petrification resistance, rot immunity, AC +3
a: Evoke Invisibility


You were in the Dungeon.
You were not hungry.

You visited 1 branch You collected 29 gold pieces.

Inventory:

Hand Weapons
 a - a +0 flail (weapon)
Armour
 b - a +0 scale mail (worn)
 c - a +0 shield (worn)
Jewellery
 m - the amulet of invisibility (around neck) {+Inv}
   (You found it in the Dungeon)

   [amulet of nothing]

   It lets you turn invisible.
Scrolls
 k - a scroll of blinking
 l - a scroll of remove curse {unknown}
Potions
 d - a potion of might
 e - a potion of curing
 g - a potion of heal wounds
 h - a potion of haste
 i - 2 potions of magic
 j - a potion of berserk rage
Comestibles
 f - 2 rations


   Skills:
 + Level 5.3 Fighting
 + Level 3.8 Maces & Flails
 + Level 5.3 Armour
 + Level 5.3 Shields


You had 3 spell levels left.
You didn't know any spells.
Your spell library was empty.

Dungeon Overview and Level Annotations

Branches:
Dungeon (1/1)

Altars:

Annotations:
D exclusion: oklob sapling


Innate Abilities, Weirdness & Mutations

You are resistant to torment.
Your stone body is resilient. (AC +3)
You are immune to poison.
You resist negative energy. (rN+)
You are resistant to electric shocks. (rElec)
You can survive without breathing.
You are immune to petrification.
You are immune to rotting.


Message History

You now have 16 gold pieces (gained 3).
You now have 29 gold pieces (gained 13).
m - the amulet of invisibility (around neck) {+Inv} You see here 10 sling bullets.
As you open the door, it creaks loudly!
Marking area around the oklob sapling as unsafe for travelling.
An oklob sapling comes into view.
Found 29 gold pieces.
There is an open door here.
You hit the oklob sapling but do no damage.
The oklob sapling spits acid at you. The splash of acid hits you!
You are splashed with acid!
* * * LOW HITPOINT WARNING * * *
You hit the oklob sapling.
The oklob sapling is heavily damaged.
The oklob sapling spits acid at you. The splash of acid hits you.
* * * LOW HITPOINT WARNING * * *
You are splashed with acid!
You die...

##################
#<..P#.....#.....#
#PP..'.....'.#.(.+
#PPPP#.....#.#...#
###############'##
+.@.# #$P$# #####


You could see an oklob sapling.

Vanquished Creatures
  An oklob sapling (D)
  A worker ant (D)
  A river rat (D)
  A rat (D)
4 creatures vanquished.

Notes
Turn   | Place    | Note
-------+----------+-------------------------------------------
     0 | D        | MartialLaw the Gargoyle Fighter began the quest for the
                  | Orb.
     0 | D        | Reached XP level 1. HP: 14/14 MP: 1/1
    27 | D        | Reached XP level 2. HP: 3/20 MP: 2/2
   415 | D        | Noticed an oklob sapling
   422 | D        | Killed an oklob sapling
   422 | D        | Reached XP level 3. HP: 25/25 MP: 3/3
   425 | D        | Found the amulet of invisibility {+Inv}
   438 | D        | Reached skill level 5 in Fighting
   438 | D        | Reached skill level 5 in Armour
   438 | D        | Reached skill level 5 in Shields
   438 | D        | Reached XP level 4. HP: 25/31 MP: 4/4
   463 | D        | HP: 1/31 [oklob sapling/splash of acid (5)]
   463 | D        | Splashed by an oklob sapling's acid

Skill      XL: |  1  2  3 |
---------------+----------+-----
Fighting       | 4 5 |  5.3
Armour         | 4 5 |  5.3
Shields        | 4 5 |  5.3
Maces & Flails | 3 |  3.8

Action                   |  1- 3 |  4- 6 || total
-------------------------+-------+-------++-------
Melee: Flail             |    36 |     2 ||    38
Armor: Scale mail        |     9 |       ||     9
Dodge: Dodged            |     3 |       ||     3
Block: Shield            |    14 |       ||    14
